 Dungeon Crawl Stone Soup version 0.31.0-11-ge490571c62 (webtiles) character file.

Game seed: 2267758123258262770

9 Minsecho the Cudgeller (level 2, -2/29 HPs)
             Began as an Oni Gladiator on Feb 10, 2024.
             Slain by a quokka (4 damage)
             ... on level 1 of the Dungeon.
             The game lasted 00:00:16 (111 turns).

Minsecho the Cudgeller (Oni Gladiator)               Turns: 111, Time: 00:00:17

Health: -2/29      AC:  3    Str: 17    XL:     2   Next: 16%
Magic:  2/2        EV: 10    Int:  9    God:
Gold:   8          SH:  0    Dex: 10    Spells: 1/1 levels left

rFire   . . .        a - +0 flail
rCold   . . .        (no shield)
rNeg    . . .        b - +0 robe
rPois   .            c - +0 hat
rElec   .            (no cloak)
rCorr   .            (gloves unavailable)
SInv    .            (boots unavailable)
Will    .....        (no amulet)
Stlth   +            (no ring)
HPRegen 0.24/turn    (no ring)
MPRegen 0.08/turn

%: no passive effects
@: no status effects
A: large, unfitting armour, horns 1, tough skin 1, double potion healing,
drunken brawling
a: no special abilities


You were on level 1 of the Dungeon.
You visited 1 branch of the dungeon, and saw 1 of its levels.

You collected 8 gold pieces.

Inventory:

Hand Weapons
 a - a +0 flail (weapon)
Missiles
 d - a throwing net (quivered)
 e - a large rock
Armour
 b - a +0 robe (worn)
 c - a +0 hat (worn)
Scrolls
 f - a scroll of amnesia {unknown}


   Skills:
 + Level 2.8 Fighting
 + Level 3.2 Maces & Flails
 + Level 2.0 Throwing
 + Level 3.0 Dodging


You had one spell level left.
You didn't know any spells.
Your spell library was empty.

Dungeon Overview and Level Annotations

Branches:
Dungeon (1/15)

Altars:


Innate Abilities, Weirdness & Mutations

You are too large for most types of armour.
You have a pair of small horns on your head.
You have tough skin. (AC +1)
You gain doubled healing and magic from potions.
Whenever you drink a healing potion, you attack all around you.


Message History

The ball python bites you but does no damage.
The quokka bites you.
You completely miss the quokka. Your headbutt misses the quokka.
The ball python bites you. The quokka bites you.
The ball python closely misses you.
You barely miss the quokka. Your headbutt misses the quokka.
The quokka bites you. The ball python barely misses you. The quokka bites you.
You miss the quokka.
You headbutt the quokka, but do no damage.
The ball python closely misses you. The quokka bites you.
The ball python barely misses you.
You are too injured to fight recklessly!
There are monsters nearby!
You miss the quokka. Your headbutt misses the quokka. The quokka bites you.
The ball python bites you but does no damage.
The quokka bites you.
* * * LOW HITPOINT WARNING * * *
You miss the quokka.
The ball python bites you but does no damage.
The quokka barely misses you. The ball python barely misses you.
You closely miss the quokka.
The quokka bites you but does no damage.
The ball python bites you but does no damage.
The quokka bites you but does no damage.
Throw: 3 throwing nets
Press: ? - help, Shift-Dir - straight line, f/p - quokka
Aim: a quokka (41% to hit)
You throw a throwing net. The throwing net misses the quokka.
The ball python bites you.
* * * LOW HITPOINT WARNING * * *
The quokka bites you.
* * * LOW HITPOINT WARNING * * *
The ball python bites you but does no damage.
Throw: 2 throwing nets
Press: ? - help, Shift-Dir - straight line, f/p - quokka
Aim: a quokka (41% to hit)
You throw a throwing net.
The throwing net closely misses the quokka.
The quokka bites you.
You die...

......§≈§≈# .....8.####
#......## #. #####
#........ ... ...(##
)#.#.....## #.. #.....#
†.........# #.# .......
...###....###.# .......
#..# #....##.###r....>.
...####.#.....#.@S.....#
##....#.>.##.).)##.....#
####.##....$†### .....
#......#.†# ....
###..###..... ...
#.......#.##... .#
#.......#.# ## #
#.......#.# #########.$


You could see a quokka and a ball python.

Vanquished Creatures
  A dart slug (D:1)
  A goblin (D:1)
  A ball python (D:1)
  A frilled lizard (D:1)
  3 kobolds (D:1)
  2 rats (D:1)
9 creatures vanquished.

Notes
Turn   | Place    | Note
-------+----------+-------------------------------------------
     0 | D:1      | Minsecho the Oni Gladiator began the quest for the Orb.
     0 | D:1      | Reached XP level 1. HP: 22/22 MP: 1/1
    94 | D:1      | Reached XP level 2. HP: 23/29 MP: 2/2
   111 | D:1      | Slain by a quokka

Illustrated notes

Levels and vault maps discovered:
D:1:      grunt_arrival_lava_bath, layout_rooms, ebering_ecumenical_altar_rust,
          hangedman_decor_growths

Skill      XL: |  1  2 |
---------------+-------+-----
Dodging        | 3 |  3.0
Fighting       | |  2.8
Maces & Flails | |  3.2
Throwing       | |  2.0

Action                     || total
---------------------------++-------
  Melee: Flail             ||    30
         Headbutt          ||     3
  Throw: Throwing net      ||     2
 Armour: Robe              ||    36
  Dodge: Dodged            ||    19
